 Dungeon Crawl Stone Soup version 0.23-a0-171-g5ae17c6e89 (webtiles) character file.

70 Holzbalken the Cudgeler (level 4, -4/33 HPs)
             Began as a Demonspawn Gladiator on Sept 14, 2018.
             Was a Follower of Makhleb.
             Killed by divine providence
             ... invoked by an orc priest
              (15 damage)
             ... on level 3 of the Dungeon.
             The game lasted 00:06:33 (2408 turns).

Holzbalken the Cudgeler (Demonspawn Gladiator)      Turns: 2408, Time: 00:06:34

Health: -4/33      AC:  9    Str: 15    XL:     4   Next: 3%
Magic:  4/4        EV:  7    Int:  9    God:    Makhleb [*.....]
Gold:   166        SH:  0    Dex: 15    Spells: 3/3 levels left

rFire    . . .     SeeInvis .   a - +0 flail
rCold    . . .     Gourm    .   (no shield)
rNeg     . . .     Faith    .   l - +0 chain mail (curse)
rPois    .         Spirit   .   c - +0 helmet
rElec    .         Reflect  .   (no cloak)
rCorr    .         Harm     .   (no gloves)
MR       .....                  (no boots)
Stlth    ..........             (no amulet)
HPRegen  0.11/turn              (no ring)
MPRegen  0.09/turn              (no ring)

@: fainting
A: hooves 1
a: Renounce Religion


You were on level 3 of the Dungeon.
You worshipped Makhleb.
Makhleb was aware of your devotion.
You were fainting.

You visited 1 branch of the dungeon, and saw 3 of its levels.

You collected 166 gold pieces.

Inventory:

Hand Weapons
 a - a +0 flail (weapon)
Missiles
 d - 3 throwing nets (quivered)
Armour
 b - a +0 leather armour
 c - a +0 helmet (worn)
 l - a cursed +0 chain mail (worn)
Scrolls
 e - 2 scrolls of teleportation {unknown}
 g - 2 scrolls of remove curse {unknown}
 h - a scroll of fog {unknown}
 k - 5 scrolls of identify {unknown}
 n - a scroll of amnesia {unknown}
Potions
 i - a potion of flight {unknown}
 j - a potion of haste {unknown}
 m - 2 potions of lignification {unknown}
 o - a potion of heal wounds {unknown}
Comestibles
 f - 4 rations


   Skills:
 - Level 2.0 Fighting
 + Level 4.5 Maces & Flails
 - Level 1.7 Throwing
 - Level 2.6 Dodging


You had 3 spell levels left.
You didn't know any spells.
Your spell library contained the following spells:

 Spells                   Type           Power        Failure   Level  Hunger
 Beastly Appendage        Tmut           #.....       100%        1    ##.....
 Sticks to Snakes         Tmut           #.......     100%        2    ###....
 Spider Form              Tmut/Pois      #.........   100%        3    ####...
 Ice Form                 Ice/Tmut       #.......     100%        4    #####..
 Blade Hands              Tmut           #.........   100%        5    ######.


Dungeon Overview and Level Annotations

Branches:
Dungeon (3/15)

Altars:
Dithmenos
Makhleb
Ru


Innate Abilities, Weirdness & Mutations

You have large cloven feet.


Message History

Found a shadowy altar of Dithmenos.
Found a papyrus book.
You feel sick.
There is a shadowy altar of Dithmenos here.
You feel sick.
You pick up a book of Changes and begin reading...
You add the spells Beastly Appendage, Sticks to Snakes, Spider Form, Ice Form You feel sick.
You feel sick.
You are no longer poisoned.
You lose consciousness!
You can move again.
There is an open door here.
Found a lajatang.
You open the door. 3 orcs and an orc priest come into view.
The orc shouts! x2; The orc priest shouts!
The orc shouts!
The orc priest calls down the wrath of Beogh upon you.
Beogh smites you!
You die...

.........#........#......
)........#.....##....._..
.........#.....####......
## ...............#
##..... .#
............#### ##...#
.# ...........## ##.## .#
.........### #... .#
.........# #### .#
........@# )#
.........'ooo.o. .#
.........####### .#
#+###+#### .# ##


You could see an orc priest and 3 orcs.

Vanquished Creatures
  2 adders
  3 worms (D:2)
  A dart slug (D:1)
  A leopard gecko (D:1)
  3 giant cockroaches
  3 hobgoblins
  A quokka (D:3)
  6 bats
  3 frilled lizards
  5 goblins
  5 kobolds
  10 rats
43 creatures vanquished.

Notes
Turn   | Place    | Note
-------+----------+-------------------------------------------
     0 | D:1      | Holzbalken the Demonspawn Gladiator began the quest for the
                  | Orb.
     0 | D:1      | Reached XP level 1. HP: 16/16 MP: 1/1
   157 | D:1      | Reached skill level 3 in Maces & Flails
   175 | D:1      | Gained mutation: You have large cloven feet. [demonic
                  | ancestry]
   175 | D:1      | Reached XP level 2. HP: 4/22 MP: 2/2
  1000 | D:2      | Reached XP level 3. HP: 14/27 MP: 3/3
  1007 | D:2      | Reached skill level 4 in Maces & Flails
  1398 | D:2      | Found a faded altar of an unknown god.
  1421 | D:2      | Became a worshipper of Makhleb the Destroyer
  1421 | D:2      | Reached * piety under Makhleb
  2268 | D:3      | Found a sacrificial altar of Ru.
  2337 | D:3      | Reached XP level 4. HP: 8/33 MP: 4/4
  2338 | D:3      | Found a shadowy altar of Dithmenos.
  2377 | D:3      | Paralysed by fainting for 9 turns
  2408 | D:3      | Killed from afar by an orc priest

Vault maps used:
D:1:      minmay_arrival_up_and_down
D:2:      chequers_ecumenical_altar_lobes
D:3:      nicolae_overflow_crystal_walls, lemuel_round_altar, uniq_robin

Skill      XL: |  1  2  3 |
---------------+----------+-----
Maces & Flails | 3 4 |  4.5
Fighting       | |  2.0
Throwing       | |  1.7
Dodging        | |  2.6

Action                   |  1- 3 |  4- 6 || total
-------------------------+-------+-------++-------
Melee: Flail             |   161 |       ||   161
       Kick              |    31 |       ||    31
  Use: Potion            |     2 |       ||     2
 Stab: Invisible         |     1 |       ||     1
  Eat: Chunk             |     2 |       ||     2
Armor: Leather armour    |    47 |       ||    47
       Chain mail        |    44 |       ||    44
Dodge: Dodged            |   118 |       ||   118

Table legend:
 A = Non-vault XP
 B = Vault XP
 C = Vault XP percentage of total XP
 D = Non-vault monster count
 E = Vault monster count
 F = Vault count percentage of total count
                 A         B        C        D         E       F
            +---------+---------+-------+---------+---------+-------
      Total |     100 |       0 |   0.0 |      43 |       0 |   0.0
            +---------+---------+-------+---------+---------+-------
        D:1 |      34 |       0 |   0.0 |      24 |       0 |   0.0
        D:2 |      45 |       0 |   0.0 |      14 |       0 |   0.0
        D:3 |      21 |       0 |   0.0 |       5 |       0 |   0.0
            +---------+---------+-------+---------+---------+-------
